 Dungeon Crawl Stone Soup version 0.31.0-32-g396128a36d (webtiles) character file.

Game seed: 14714047511749657433

383 TacoSundae the Cudgeller (level 6, -3/49 (50) HPs)
             Began as an Armataur Fighter on Apr 10, 2024.
             Slain by a wight
             ... wielding a +0 great sword
              (8 damage)
             ... on level 3 of the Dungeon.
             The game lasted 00:06:26 (2156 turns).

TacoSundae the Cudgeller (Armataur Fighter)         Turns: 2156, Time: 00:06:27

HP:   -3/49 (50)    AC:  9    Str: 23    XL:     6   Next: 47%
MP:   6/6           EV:  7    Int:  9    God:
Gold: 103           SH:  9    Dex:  9    Spells: 5/5 levels left

rFire   . . .        a - +0 flail
rCold   . . .        c - +0 buckler
rNeg    . . .        b - +0 scale mail
rPois   .            (no helmet)
rElec   .            (no cloak)
rCorr   .            m - +1 pair of gloves
SInv    .            (no barding)
Will    +....        s - amulet of reflection Stlth
                     f - ring of willpower
HPRegen 0.28/turn    (no ring)
MPRegen 0.10/turn

%: reflection, roll
@: lightly drained
A: large, deformed body, tough skin 3, armoured tail, roll 1
a: no special abilities


You were on level 3 of the Dungeon.
You visited 1 branch of the dungeon, and saw 3 of its levels.

You collected 143 gold pieces.
You spent 40 gold pieces at shops.

Inventory:

Hand Weapons
 a - a +0 flail (weapon)
Armour
 b - a +0 scale mail (worn)
 c - a +0 buckler (worn)
 m - a +1 pair of gloves (worn)
Jewellery
 f - a ring of willpower (left hand)
 s - an amulet of reflection (around neck)
Scrolls
 g - 7 scrolls of identify
 l - 2 scrolls of poison {unknown}
 n - a scroll of vulnerability {unknown}
 p - a scroll of teleportation {unknown}
 r - a scroll of enchant armour {unknown}
Potions
 d - a potion of might
 e - a potion of magic {unknown}
 h - 3 potions of curing {unknown}
 i - 2 potions of brilliance {unknown}
 j - a potion of attraction {unknown}
 k - a potion of mutation {unknown}
 o - a potion of ambrosia {unknown}
 q - a potion of berserk rage {unknown}
 t - a potion of haste {unknown}


   Skills:
 - Level 2.6 Fighting
 * Level 6.4 Maces & Flails
 - Level 3.6 Armour
 - Level 3.2 Shields


You had 5 spell levels left.
You didn't know any spells.
Your spell library contained the following spells:

 Spells                   Type           Power      Damage    Failure   Level
 Kiss of Death            Conj/Necr      0%         2d5       77%         1
 Ensorcelled Hibernation  Hex/Ice        0%         N/A       88%         2
 Lesser Beckoning         Tloc           0%         N/A       88%         2
 Confusing Touch          Hex            0%         N/A       98%         3
 Gell's Gravitas          Tloc           0%         N/A       98%         3
 Passwall                 Erth           0%         N/A       98%         3
 Swiftness                Air            0%         N/A       98%         3
 Teleport Other           Tloc           0%         N/A       98%         3
 Dispel Undead            Necr           0%         3d6       100%        4


Dungeon Overview and Level Annotations

Branches:
Dungeon (3/15)

Altars:
Ashenzari
Dithmenos
Hepliaklqana
Zin

Shops:
D:3 *?

Annotations:
D:1 1 transporter


Innate Abilities, Weirdness & Mutations

Armour fits poorly on your strangely shaped body.
You have extremely tough skin. (AC +3)
You have a long armoured tail.
You regenerate magic when rolling toward enemies. (Rampage MPRegen)


Message History

Unknown command.
A goblin comes into view. It is wielding a +0 dagger.
The goblin shouts! 2 wights come into view.
You block the goblin's attack.
You barely miss the goblin. You block the goblin's attack.
You hit the goblin.
The goblin is heavily wounded.
The goblin hits you but does no damage. The goblin attacks as it pursues you!
You block the goblin's attack.
You barely miss the goblin. You tail-slap the goblin.
You kill the goblin!
You swing at nothing.
You swing at nothing.
The wight hits you with a +6 long sword!
You closely miss the wight.
Your tail-slap misses the wight.
You block the wight's attack.
You sock the wight! You tail-slap the wight.
The wight is heavily damaged.
You block the wight's attack.
You barely miss the wight.
The wight is heavily damaged.
The wight hits you with a +6 long sword!
You feel drained.
You sock the wight!
The wight is almost destroyed.
The wight hits you with a +6 long sword!
* * * LOW HITPOINT WARNING * * *
You thump the wight!
You destroy the wight!
Your life force feels restored.
You barely miss the wight.
The wight hits you with a +0 great sword!
* * * LOW HITPOINT WARNING * * *
You feel drained.
* * * LOW HITPOINT WARNING * * *
You hit the wight. You tail-slap the wight.
The wight is moderately damaged.
The wight hits you with a +0 great sword!
You die...

## .### ...
###########.###
#....@z.....>.#
#.#########.#.#
..#.# #.# .#
..#.# #.# z#
..#.# #.# .#
..#.# #.# .#
..#.# #.# .#
..#.### #.# .#
.##...# #.#


You could see a wight.

Vanquished Creatures
  Sigmund (D:2)
  A wight (D:3)
  An orc priest (D:3)
  A sleepcap (D:2)
  4 adders
  4 dart slugs (D:2)
  A ribbon worm (D:2)
  3 orcs (D:2)
  4 endoplasms
  2 giant cockroaches
  5 hobgoblins
  5 jackals
  5 quokkas
  11 ball pythons
  4 bats
  4 frilled lizards
  7 goblins
  6 kobolds
  6 rats
75 creatures vanquished.

Notes
Turn   | Place    | Note
-------+----------+-------------------------------------------
     0 | D:1      | TacoSundae the Armataur Fighter began the quest for the
                  | Orb.
     0 | D:1      | Reached XP level 1. HP: 18/18 MP: 1/1
    34 | D:1      | Reached skill level 2 in Maces & Flails
   100 | D:1      | Reached XP level 2. HP: 25/25 MP: 2/2
   367 | D:1      | Reached skill level 3 in Maces & Flails
   710 | D:2      | Reached XP level 3. HP: 29/30 MP: 3/3
   876 | D:2      | Reached skill level 4 in Maces & Flails
   876 | D:2      | Reached XP level 4. HP: 34/37 MP: 4/4
  1242 | D:2      | Noticed Sigmund
  1248 | D:2      | Killed Sigmund
  1249 | D:2      | Reached skill level 5 in Maces & Flails
  1249 | D:2      | Reached XP level 5. HP: 39/42 MP: 5/5
  1249 | D:2      | Reached XP level 6. HP: 47/50 MP: 6/6
  1736 | D:3      | Reached skill level 6 in Maces & Flails
  1790 | D:3      | Found a broken altar of Ashenzari.
  1803 | D:3      | Found a hazy altar of Hepliaklqana.
  1807 | D:3      | Found a shadowy altar of Dithmenos.
  1807 | D:3      | Noticed a shadow
  1869 | D:3      | Found Zin's Purification Station.
  1872 | D:3      | Found a glowing silver altar of Zin.
  1911 | D:3      | Found Awerchorgh's Magic Scroll Boutique.
  1914 | D:3      | Bought a scroll of identify for 20 gold pieces
  1914 | D:3      | Bought a scroll of identify for 20 gold pieces
  2156 | D:3      | Slain by a wight

Illustrated notes

Levels and vault maps discovered:
D:1:      spicycebolla_arrival_risky_transporter, layout_basic
D:2:      minmay_razor_zed, layout_basic, kennysheep_generic_room_14,
          uniq_sigmund
D:3:      layout_basic, zin_purify, cheibrodos_ashenzari_chains,
          riverfiend_overflow_shadow_ancestor, bloody_trog, serial_shops,
          nicolae_shop_real_fake_doors, chequers_serial_rivers_room_b

Skill      XL: |  1  2  3  4  5  6 |
---------------+-------------------+-----
Maces & Flails | 2 3 4 5 6 |  6.4
Fighting       | |  2.6
Armour         | |  3.6
Shields        | |  3.2

Action                     |  1- 3 |  4- 6 || total
---------------------------+-------+-------++-------
  Melee: Flail             |    84 |   102 ||   186
         Tailslap          |     4 |    11 ||    15
    Use: Potion            |       |     1 ||     1
 Armour: Scale mail        |    53 |    71 ||   124
  Dodge: Dodged            |    21 |    26 ||    47
  Block: Buckler           |    12 |    17 ||    29
